Map: Lerilak Crest

Players

GreasyCoyote - Winner!

  • Race: Terran Terran
  • League: Diamond

LilDicky

  • Race: Terran Terran
  • League: Diamond

VOD

http://www.twitch.tv/tumescentpie

Description

Time

  • Played on: Jan. 3, 2016, 3:19 a.m.
  • Length: 6:52
Show
View Real Time Build Order
Export as new Build Order

GreasyCoyote Terran - Winner!

Build Orders:  

Get SALT Encoding   

  12  0:01  SCV  
  13  0:13  SCV  
  14  0:17  Supply Depot  
  14  0:25  SCV  
  15  0:39  SCV  
  15  0:41  Barracks  
  16  0:51  SCV, Refinery  
  17  1:03  SCV  
  18  1:15  SCV  
  19  1:28  SCV  
  20  1:37  Reaper  
  21  1:40  Orbital Command  
  21  1:44  Command Center  
  21  2:06  SCV  
  22  2:17  Barracks Reactor  
  22  2:24  Supply Depot  
  22  2:25  SCV  
  23  2:43  Refinery  
  23  2:45  SCV, Factory  
  24  2:55  Orbital Command  
  24  3:01  Marine x2  
  26  3:09  SCV  
  27  3:19  Marine x2  
  29  3:27  Orbital Command  
  29  3:29  SCV  
  29  3:30  Factory Tech Lab  
  29  3:33  Starport  
  30  3:40  Marine  
  30  3:41  SCV, Marine  
  33  3:48  Bunker  
  33  3:52  Siege Tank  
  33  3:53  SCV  
  37  3:58  Marine x2  
  39  4:04  SCV  
  39  4:05  SCV  
  41  4:13  Viking  
  41  4:16  SCV  
  44  4:17  SCV  
  44  4:21  Supply Depot  
  44  4:22  Supply Depot, Marine  
  46  4:37  Marine  
  46  4:42  SCV, Siege Tank, Engineering Bay  
  46  4:43  Supply Depot  
  46  4:44  Supply Depot  
  50  4:46  Viking  
  50  4:48  SCV  
  53  4:54  SCV, Marine  
  55  5:00  SCV  
  55  5:04  Marine  
  55  5:07  SCV  
  58  5:09  Supply Depot x2  
  58  5:15  Missile Turret x2  
  58  5:16  Viking, Marine  
  58  5:18  Siege Tank  
  64  5:23  SCV x2  
  64  5:27  Barracks x2  
  66  5:35  SCV x2  
  66  5:41  Marine x2  
  69  5:47  SCV  
  69  5:48  SCV, Supply Depot  
  71  5:50  Supply Depot  
  71  5:55  Starport Reactor  
  71  5:59  SCV  
  71  6:09  Siege Tank  
  71  6:11  Marine x2  
  75  6:14  Refinery  
  75  6:16  Refinery  
  75  6:28  SCV x2  
  77  6:36  Barracks Tech Lab  
  77  6:37  Barracks Reactor  
  79  6:40  SCV x2  
  79  6:41  Supply Depot  
  79  6:43  Supply Depot  
Show
View Real Time Build Order
Export as new Build Order

LilDicky Terran 

Build Orders:  

Get SALT Encoding   

  12  0:01  SCV  
  13  0:13  SCV  
  14  0:19  Supply Depot  
  14  0:25  SCV  
  15  0:37  Refinery  
  15  0:41  SCV  
  16  0:45  Barracks  
  16  0:53  SCV  
  17  1:05  SCV  
  18  1:17  SCV  
  19  1:36  Marine  
  19  1:38  Supply Depot  
  21  1:41  Orbital Command  
  20  1:57  Command Center  
  20  2:14  SCV  
  21  2:19  Marine  
  22  2:26  SCV, Factory  
  22  2:38  SCV  
  22  2:40  Refinery, Marine  
  24  2:50  SCV  
  25  3:00  Marine  
  25  3:02  SCV  
  27  3:09  Factory Tech Lab  
  27  3:11  Orbital Command  
  27  3:12  Starport  
  27  3:14  SCV  
  27  3:17  Supply Depot  
  28  3:27  SCV  
  29  3:34  Orbital Command  
  29  3:37  Widow Mine  
  29  3:39  SCV  
  32  3:43  Marine  
  33  4:01  SCV  
  33  4:02  SCV  
  35  4:03  Marine  
  35  4:04  Banshee  
  35  4:06  Cloaking Field  
  39  4:13  SCV, Factory Tech Lab  
  39  4:14  SCV  
  41  4:21  Marine  
  41  4:23  Engineering Bay  
  42  4:28  Supply Depot  
  42  4:35  Liberator  
  42  4:41  SCV, Siege Tank  
  42  4:43  SCV  
  50  4:53  SCV  
  50  4:56  Fusion Core  
  51  5:01  SCV, Refinery  
  51  5:02  Refinery  
  51  5:05  SCV  
  53  5:09  Missile Turret  
  53  5:13  SCV, Marine  
  55  5:16  Siege Tank  
  55  5:17  SCV  
  59  5:25  SCV  
  59  5:26  Supply Depot  
  57  5:44  SCV, Marine  
  57  5:48  Siege Tank  
  65  5:50  Banshee  
  65  5:57  Command Center  
  65  5:58  SCV x2  
  65  6:02  Marine  
  68  6:29  Command Center  
  68  6:30  Supply Depot x2  
  68  6:33  Supply Depot  
Tags
 
Add a new tag
Caveats
  • Supply blocks, unpowered buildings, or Contaminate may cause inaccurate times.
  • Supply counts are checked every 10 seconds.